 Dungeon Crawl Stone Soup version 0.26-a0-661-g406de6ba63 (webtiles) character file.

Game seed: 1534326287636389903

9067 robertstho the Summoner (level 11, -6/81 HPs)
             Began as a Gnoll Summoner on Oct 8, 2020.
             Was an Elder of Sif Muna.
             Killed from afar by Frances (35 damage)
             ... with an iron shot
             ... on level 12 of the Dungeon.
             The game lasted 00:37:01 (14100 turns).

robertstho the Summoner (Gnoll Summoner)           Turns: 14100, Time: 00:37:01

Health: -6/81      AC:  8    Str: 10    XL:     11   Next: 40%
Magic:  11/23      EV: 15    Int: 20    God:    Sif Muna [****..]
Gold:   292        SH: 10    Dex: 17    Spells: 9/26 levels left

rFire    . . .     SeeInvis .   s - +0 trident
rCold    + . .     Faith    .   l - +0 buckler
rNeg     . . .     Spirit   .   y - +0 troll leather armour
rPois    .         Reflect  +   (no helmet)
rElec    .         Harm     .   D - scarf {+Inv}
rCorr    .         Rampage  .   (no gloves)
MR       .....                  (no boots)
Stlth    +++.......             A - amulet of reflection
HPRegen  0.63/turn              r - +4 ring of protection
MPRegen  0.18/turn              M - ring of protection from cold

@: heavily drained
A: distributed training, fangs 1, strong nose
a: Channel Magic, Forget Spell, Divine Exegesis, Renounce Religion, Evoke
Invisibility


You were on level 12 of the Dungeon.
You worshipped Sif Muna.
Sif Muna was greatly pleased with you.
You visited 2 branches of the dungeon, and saw 13 of its levels.

You collected 544 gold pieces.
You spent 252 gold pieces at shops.

Inventory:

Hand Weapons
 s - a +0 trident (weapon)
 C - a +2 dire flail of protection
 U - a +2 vampiric war axe
Missiles
 j - 81 poisoned darts (quivered)
 E - a throwing net
Armour
 a - a +0 robe
 l - a +0 buckler (worn)
 y - a +0 troll leather armour (worn)
 D - a scarf of invisibility (worn)
 J - a +0 troll leather armour
Jewellery
 c - an uncursed ring of see invisible
 h - an uncursed ring of ice
 r - a +4 ring of protection (left hand)
 v - an uncursed ring of protection from fire
 A - an amulet of reflection (around neck)
 G - an uncursed amulet of regeneration
 I - an uncursed ring of protection from fire
 K - a +6 ring of strength {unknown}
 M - a ring of protection from cold (right hand)
 W - an uncursed ring of poison resistance {unknown}
Wands
 d - a wand of enslavement (20)
 n - a wand of acid (6)
 z - a wand of flame (9)
 Q - a wand of polymorph (14)
 S - a wand of digging (7)
 T - a wand of iceblast (7)
Scrolls
 e - 11 scrolls of remove curse {unknown}
 f - 5 scrolls of amnesia {unknown}
 g - 10 scrolls of teleportation
 i - 4 scrolls of fog {unknown}
 q - a scroll of blinking {unknown}
 t - 2 scrolls of enchant armour {unknown}
 x - a scroll of magic mapping {unknown}
 O - 3 scrolls of enchant weapon {unknown}
 P - 2 scrolls of identify
 V - a scroll of fear {unknown}
Potions
 b - a potion of berserk rage
 k - a potion of cancellation {unknown}
 m - 8 potions of curing
 o - 3 potions of mutation
 p - a potion of flight
 u - 2 potions of brilliance
 w - 5 potions of heal wounds
 B - 2 potions of stabbing
 F - 3 potions of lignification
 H - 2 potions of haste
 L - a potion of resistance
 N - 3 potions of might
 R - a potion of magic {unknown}


   Skills:
 + Level 6.2(3.7) Fighting
 + Level 6.2(3.7) Short Blades
 + Level 6.2(3.7) Long Blades
 + Level 6.2(3.7) Axes
 + Level 6.2(3.7) Maces & Flails
 + Level 6.2(3.7) Polearms
 + Level 6.2(3.7) Staves
 + Level 6.2(3.7) Slings
 + Level 6.2(3.7) Bows
 + Level 6.2(3.7) Crossbows
 + Level 6.2(3.7) Throwing
 + Level 6.2(3.7) Armour
 + Level 7.8(5.2) Dodging
 + Level 7.6(5.0) Stealth
 + Level 6.2(3.7) Shields
 + Level 6.2(3.7) Unarmed Combat
 + Level 8.1(5.4) Spellcasting
 + Level 5.2(2.7) Conjurations
 + Level 5.2(2.7) Hexes
 + Level 8.9(6.2) Summonings
 + Level 5.2(2.7) Necromancy
 + Level 5.2(2.7) Translocations
 + Level 5.2(2.7) Transmutations
 + Level 5.2(2.7) Fire Magic
 + Level 5.2(2.7) Ice Magic
 + Level 5.2(2.7) Air Magic
 + Level 5.2(2.7) Earth Magic
 + Level 5.2(2.7) Poison Magic
 + Level 6.9(4.3) Invocations
 + Level 6.2(3.7) Evocations


You had 9 spell levels left.
You knew the following spells:

 Your Spells              Type           Power        Failure   Level
a - Summon Small Mammal   Summ           ####         1%          1
b - Call Imp              Summ           ####....     1%          2
c - Call Canine Familiar  Summ           ####....     3%          3
d - Summon Guardian Gole  Hex/Summ       ###.....     7%          3
e - Summon Ice Beast      Ice/Summ       ###.....     24%         4
f - Summon Lightning Spi  Summ/Air       ###.....     24%         4

Your spell library contained the following spells:

 Spells                   Type           Power        Failure   Level
 Animate Skeleton         Necr           ###...       4%          1
 Magic Dart               Conj           ###.         4%          1
 Pain                     Necr           ###.         4%          1
 Blink                    Tloc           N/A          8%          2
 Slow                     Hex            ###.....     8%          2
 Conjure Flame            Conj/Fire      ###.....     14%         3
 Mephitic Cloud           Conj/Pois/Air  ###.....     14%         3
 Vampiric Draining        Necr           ###.......   14%         3
 Animate Dead             Necr           ###.......   43%         4
 Agony                    Necr           ###.....     80%         5


Dungeon Overview and Level Annotations

Branches:
Dungeon (12/15)            Temple (1/1) D:4            Lair (0/6) D:11
    Orc: D:9-12

Altars:
Ashenzari
Cheibriados
Dithmenos
Elyvilon
Fedhas
Gozag
Hepliaklqana
Kikubaaqudgha
Makhleb
Nemelex Xobeh
Okawaru
Qazlal
Ru
Sif Muna
Wu Jian
Xom
Zin
The Shining One

Shops:
D:9 !

Annotations:
D:12 Frances


Innate Abilities, Weirdness & Mutations

Your experience applies equally to all skills.
You have very sharp teeth.
Your uncanny sense of smell can sniff out nearby items.


Message History

Frances is engulfed in blazing flames.
Frances misses you.
Your lightning spire shoots out a bolt of lightning at Frances!
The bolt of electricity hits Frances!
Frances is engulfed in blazing flames.
Unknown command.
You catch the helpless Frances completely off-guard!
You hit Frances.
Frances is almost dead.
Frances screams a word of power!
The shard of ice hits you!! You partially resist.
Your lightning spire shoots out a bolt of lightning at Frances!
The bolt of electricity hits Frances!
You hit Frances.
Frances is almost dead.
Frances is no longer moving quickly.
Frances hits you with a +5 short sword of draining!
You feel drained.
Frances runs a finger over her scar.
Frances mutters in a terrible tongue.
The iron shot hits you!!
You die...

.#######...#
..#Y...###
#.#Y#### #.#§#
## #..§# ..
##.## ##.
#######.#
.##...#○@8....#
.......@#######
###..○### ##.
.. ## ∆


You could see Frances and a friendly lightning spire (summoned).

Vanquished Creatures
  A wraith (D:10)
  A wyvern (D:10)
  A sky beast (D:10)
  3 phantoms
  A centaur (D:7)
  A big kobold (D:9)
  2 bullfrogs
  2 scorpions
  2 crimson imps (D:11)
  2 hounds
  A jelly (D:5)
  2 worker ants
  A white imp (D:6)
  A dart slug (D:1)
  3 leopard geckos
  8 orcs
  A giant cockroach (D:4)
  3 goblins
  6 jackals
  2 kobolds (D:9)
  A quokka (D:3)
  2 bats (D:2)
  A frilled lizard (D:4)
  A quokka skeleton (D:4)
  A rat (D:3)
50 creatures vanquished.

Vanquished Creatures (collateral kills)
  A boulder beetle (D:11)
  A two-headed ogre (D:9)
  3 death yaks (D:11)
  Urug (D:11)
  An unseen horror (D:11)
  2 gargoyles (D:11)
  3 centaur zombies (D:10)
  2 trolls
  A hornet (D:10)
  A wraith (D:11)
  13 yaks
  2 vampire mosquitoes (D:11)
  3 orc warriors
  5 sky beasts
  A black bear (D:9)
  2 phantoms
  7 ice beasts
  2 necrophages
  3 ogres
  4 centaurs
  Blork the orc (D:6)
  2 bullfrogs
  A gnoll sergeant (D:8)
  A scorpion (D:6)
  13 killer bees
  3 wights (D:11)
  6 howler monkeys
  4 crimson imps (D:11)
  2 jellies
  4 orc wizards
  3 orc priests
  2 bullfrog skeletons
  A centaur skeleton (D:8)
  6 hounds
  2 iguanas (D:7)
  7 worker ants
  A hound zombie (D:7)
  2 hound skeletons (D:7)
  A worker ant zombie (D:10)
  14 adders
  4 gnolls (D:8)
  A shadow imp (D:8)
  3 white imps (D:11)
  2 ufetubi
  An ooze (D:3)
  An adder zombie (D:8)
  3 adder skeletons
  A worm (D:2)
  5 leopard geckos
  25 orcs
  4 giant cockroaches
  4 goblins
  4 hobgoblins
  19 jackals
  4 kobolds
  2 quokkas
  A ball python (D:1)
  3 bats
  3 frilled lizards
  A jackal skeleton (D:5)
  A quokka zombie (D:6)
  8 rats
234 creatures vanquished.

Vanquished Creatures (others)
  An ugly thing (D:11)
  A steam dragon (D:11)
2 creatures vanquished.

Grand Total: 286 creatures vanquished

Notes
Turn   | Place    | Note
-------+----------+-------------------------------------------
     0 | D:1      | robertstho the Gnoll Summoner began the quest for the Orb.
     0 | D:1      | Reached XP level 1. HP: 13/13 MP: 6/6
     0 | D:1      | Noticed an elf
     1 | D:1      | Noticed a draconian
     6 | D:1      | Noticed a troll
    15 | D:1      | Noticed a ghoul
   302 | D:1      | Reached XP level 2. HP: 16/19 MP: 3/7
  1093 | D:2      | Reached XP level 3. HP: 25/25 MP: 6/9
  1159 | D:2      | Reached skill level 5 in Spellcasting
  1228 | D:2      | Reached skill level 1 in Invocations
  1436 | D:2      | Reached skill level 1 in Fighting
  1436 | D:2      | Reached skill level 1 in Short Blades
  1436 | D:2      | Reached skill level 1 in Long Blades
  1436 | D:2      | Reached skill level 1 in Axes
  1436 | D:2      | Reached skill level 1 in Maces & Flails
  1436 | D:2      | Reached skill level 1 in Polearms
  1436 | D:2      | Reached skill level 1 in Staves
  1436 | D:2      | Reached skill level 1 in Slings
  1436 | D:2      | Reached skill level 1 in Bows
  1436 | D:2      | Reached skill level 1 in Crossbows
  1436 | D:2      | Reached skill level 1 in Throwing
  1436 | D:2      | Reached skill level 1 in Armour
  1436 | D:2      | Reached skill level 1 in Shields
  1436 | D:2      | Reached skill level 1 in Unarmed Combat
  1436 | D:2      | Reached skill level 1 in Evocations
  1631 | D:2      | Found a hazy altar of Hepliaklqana.
  1879 | D:3      | Reached XP level 4. HP: 30/32 MP: 9/11
  2383 | D:2      | Learned a level 2 spell: Call Imp
  2387 | D:2      | Learned a level 3 spell: Call Canine Familiar
  2391 | D:2      | Learned a level 3 spell: Summon Guardian Golem
  2396 | D:2      | Learned a level 4 spell: Summon Ice Beast
  2460 | D:3      | Reached skill level 1 in Conjurations
  2460 | D:3      | Reached skill level 1 in Hexes
  2460 | D:3      | Reached skill level 1 in Necromancy
  2460 | D:3      | Reached skill level 1 in Translocations
  2460 | D:3      | Reached skill level 1 in Transmutations
  2460 | D:3      | Reached skill level 1 in Fire Magic
  2460 | D:3      | Reached skill level 1 in Ice Magic
  2460 | D:3      | Reached skill level 1 in Air Magic
  2460 | D:3      | Reached skill level 1 in Earth Magic
  2460 | D:3      | Reached skill level 1 in Poison Magic
  2461 | D:3      | Found a stormy altar of Qazlal.
  2898 | D:3      | Noticed a phantom
  2924 | D:3      | Killed a phantom
  2924 | D:3      | Reached XP level 5. HP: 27/37 MP: 4/12
  3500 | D:4      | Noticed an ogre
  3509 | D:4      | Killed an ogre
  3509 | D:4      | Reached XP level 6. HP: 44/44 MP: 6/13
  3686 | D:4      | Reached skill level 5 in Dodging
  3687 | D:4      | Found a staircase to the Ecumenical Temple.
  3971 | D:4      | Noticed a phantom
  4102 | D:4      | Killed a phantom
  4110 | Temple   | Entered the Ecumenical Temple
  4255 | Temple   | Became a worshipper of Sif Muna the Loreminder
  4522 | D:5      | Entered Level 5 of the Dungeon
  4700 | D:5      | Noticed a phantom
  4740 | D:5      | Killed a phantom
  4740 | D:5      | Reached XP level 7. HP: 40/51 MP: 15/15
  5551 | D:5      | Learned a level 4 spell: Summon Lightning Spire
  5617 | D:6      | Reached skill level 5 in Stealth
  5844 | D:6      | Noticed Blork the orc
  5862 | D:6      | Killed Blork the orc
  6026 | D:6      | Reached * piety under Sif Muna
  6168 | D:6      | Reached XP level 8. HP: 57/57 MP: 4/16
  7435 | D:7      | Found a sacrificial altar of Ru.
  7436 | D:7      | Found a glowing golden altar of the Shining One.
  7436 | D:7      | Found a sparkling altar of Nemelex Xobeh.
  7702 | D:8      | Reached ** piety under Sif Muna
  8142 | D:8      | Reached XP level 9. HP: 65/65 MP: 18/18
  8195 | D:8      | Found a blossoming altar of Fedhas.
  8526 | D:9      | Noticed a troll
  8537 | D:9      | Killed a troll
  9397 | D:9      | Reached *** piety under Sif Muna
  9459 | D:9      | Found a broken altar of Ashenzari.
  9697 | D:9      | Found Ybafy's Distillery.
  9699 | D:9      | Bought a potion of heal wounds for 60 gold pieces
  9699 | D:9      | Bought a potion of heal wounds for 60 gold pieces
  9699 | D:9      | Bought a potion of stabbing for 48 gold pieces
  9699 | D:9      | Bought a potion of curing for 36 gold pieces
  9699 | D:9      | Bought a potion of might for 48 gold pieces
 10119 | D:9      | Reached skill level 5 in Invocations
 10297 | D:9      | Noticed a two-headed ogre
 10328 | D:9      | Killed a two-headed ogre
 10376 | D:10     | Entered Level 10 of the Dungeon
 10461 | D:10     | Reached XP level 10. HP: 73/73 MP: 8/20
 10786 | D:10     | Reached skill level 5 in Fighting
 10786 | D:10     | Reached skill level 5 in Short Blades
 10786 | D:10     | Reached skill level 5 in Long Blades
 10786 | D:10     | Reached skill level 5 in Axes
 10786 | D:10     | Reached skill level 5 in Maces & Flails
 10786 | D:10     | Reached skill level 5 in Polearms
 10786 | D:10     | Reached skill level 5 in Staves
 10786 | D:10     | Reached skill level 5 in Slings
 10786 | D:10     | Reached skill level 5 in Bows
 10786 | D:10     | Reached skill level 5 in Crossbows
 10786 | D:10     | Reached skill level 5 in Throwing
 10786 | D:10     | Reached skill level 5 in Armour
 10786 | D:10     | Reached skill level 5 in Shields
 10786 | D:10     | Reached skill level 5 in Unarmed Combat
 10786 | D:10     | Reached skill level 5 in Evocations
 12025 | D:11     | Reached **** piety under Sif Muna
 12434 | D:11     | Noticed a boulder beetle
 12481 | D:11     | Killed a boulder beetle
 12615 | D:11     | Noticed a gargoyle
 12626 | D:11     | Killed a gargoyle
 12842 | D:11     | Noticed a death yak
 12842 | D:11     | Noticed a death yak
 12857 | D:11     | Killed a death yak
 12857 | D:11     | Reached XP level 11. HP: 81/81 MP: 1/22
 12861 | D:11     | Noticed a death yak
 12866 | D:11     | Killed a death yak
 12881 | D:11     | Noticed a purple ugly thing
 12887 | D:11     | Killed a purple ugly thing
 12887 | D:11     | Reached skill level 5 in Conjurations
 12887 | D:11     | Reached skill level 5 in Hexes
 12887 | D:11     | Reached skill level 5 in Necromancy
 12887 | D:11     | Reached skill level 5 in Translocations
 12887 | D:11     | Reached skill level 5 in Transmutations
 12887 | D:11     | Reached skill level 5 in Fire Magic
 12887 | D:11     | Reached skill level 5 in Ice Magic
 12887 | D:11     | Reached skill level 5 in Air Magic
 12887 | D:11     | Reached skill level 5 in Earth Magic
 12887 | D:11     | Reached skill level 5 in Poison Magic
 12890 | D:11     | Killed a death yak
 13093 | D:11     | Found a staircase to the Lair.
 13436 | D:11     | Noticed Urug
 13473 | D:11     | Killed Urug
 13790 | D:11     | Killed an unseen horror
 14004 | D:12     | Noticed a deep elf mage
 14082 | D:12     | Noticed Frances
 14100 | D:12     | Killed from afar by Frances

Illustrated notes

Levels and vault maps discovered:
D:1:      shiori_arrival_whats_in_store_for_you, layout_loops_ring
D:2:      layout_basic, nicolae_overflow_crystal_walls
D:3:      layout_basic, nicolae_qazlal_eye_of_the_storm
D:4:      layout_basic, temple_pool_b, hangedman_decor_points,
          kennysheep_generic_room_7
D:5:      layout_basic, minmay_misc_feat_pillars
D:6:      layout_basic, uniq_blork_the_orc
D:7:      layout_rooms, chequers_temple_overflow_statue_of_worship,
          minmay_chambers_of_fives
D:8:      layout_cave_pools, fedhas_altar_2, lemuel_statue_altar
D:9:      layout_stronghold, serial_shops, nicolae_shop_trees,
          evilmike_ruin_ashenzari
D:10:     layout_loops_ring, mrwooster_statue_mirror
D:11:     layout_cave_pods, dpeg_lair_monsters, minmay_nine_imps, uniq_urug
D:12:     layout_loops_corners, david_orc_2, serial_shops, shop, nrook_campfire,
          chequers_serial_rivers_room_b, uniq_nessos, uniq_frances, uniq_jorgrun
Temple:   eino_temple_rhombus

Skill      XL: |  1  2  3  4  5  6  7  8  9 10 11 |
---------------+----------------------------------+-----
Spellcasting   | 5 6 7 8 |  8.1
Invocations    | 1 2 3 4 5 6 |  6.9
Fighting       | 1 2 3 4 5 6 |  6.2
Short Blades   | 1 2 3 4 5 6 |  6.2
Long Blades    | 1 2 3 4 5 6 |  6.2
Axes           | 1 2 3 4 5 6 |  6.2
Maces & Flails | 1 2 3 4 5 6 |  6.2
Polearms       | 1 2 3 4 5 6 |  6.2
Staves         | 1 2 3 4 5 6 |  6.2
Slings         | 1 2 3 4 5 6 |  6.2
Bows           | 1 2 3 4 5 6 |  6.2
Crossbows      | 1 2 3 4 5 6 |  6.2
Throwing       | 1 2 3 4 5 6 |  6.2
Armour         | 1 2 3 4 5 6 |  6.2
Shields        | 1 2 3 4 5 6 |  6.2
Unarmed Combat | 1 2 3 4 5 6 |  6.2
Evocations     | 1 2 3 4 5 6 |  6.2
Conjurations   | 1 2 3 4 5 |  5.2
Hexes          | 1 2 3 4 5 |  5.2
Necromancy     | 1 2 3 4 5 |  5.2
Translocations | 1 2 3 4 5 |  5.2
Transmutations | 1 2 3 4 5 |  5.2
Fire Magic     | 1 2 3 4 5 |  5.2
Ice Magic      | 1 2 3 4 5 |  5.2
Air Magic      | 1 2 3 4 5 |  5.2
Earth Magic    | 1 2 3 4 5 |  5.2
Poison Magic   | 1 2 3 4 5 |  5.2
Dodging        | 5 6 7 |  7.8
Stealth        | 5 6 7 |  7.6
Summonings     | 8 |  8.9

Action                   |  1- 3 |  4- 6 |  7- 9 | 10-12 || total
-------------------------+-------+-------+-------+-------++-------
Melee: Unarmed           |    33 |       |       |       ||    33
       Bite              |     4 |    10 |     9 |    17 ||    40
       Hand axe          |     5 |    13 |       |       ||    18
       Trident           |       |    97 |   157 |   148 ||   402
 Cast: Summon Small Mamm |    68 |    23 |     4 |     1 ||    96
       Call Imp          |       |    23 |    41 |       ||    64
       Call Canine Famil |       |    13 |    38 |    23 ||    74
       Summon Ice Beast  |       |     1 |    47 |    73 ||   121
       Summon Guardian G |       |       |     8 |     8 ||    16
       Summon Lightning  |       |       |     3 |    16 ||    19
Invok: Channel Magic     |       |       |     3 |     4 ||     7
Evoke: Wand              |       |       |       |     1 ||     1
  Use: Potion            |     2 |       |     2 |     2 ||     6
       Scroll            |       |       |    11 |       ||    11
 Stab: Distracted        |     1 |     2 |     5 |     3 ||    11
       Sleeping          |       |     3 |     3 |     5 ||    11
Armor: Robe              |    13 |     6 |       |       ||    19
       Troll leather arm |       |       |    21 |    31 ||    52
Dodge: Dodged            |    60 |    75 |   118 |    80 ||   333
Block: Buckler           |     2 |    22 |    89 |    72 ||   185
       Reflection        |       |       |    10 |     1 ||    11

Table legend: (Time is in decaauts)
 A = Elapsed time spent in this place.
 B = Non-inter-level travel time spent in this place.
 C = Inter-level travel time spent in this place.
 D = Time resting spent in this place.
 E = Time spent auto-exploring this place.
 F = Levels seen in this place.
 G = Mean time per level.
                   A        B        C        D        E       F      G
               +--------+--------+--------+--------+--------+-----+--------+
         Total |  14158 |  13780 |    378 |    579 |  10339 |  13 | 1089.1 |
       Dungeon |  14003 |  13658 |    345 |    579 |  10221 |  12 | 1166.9 |
        Temple |    155 |    123 |     32 |      0 |    118 |   1 |  155.0 |
               +--------+--------+--------+--------+--------+-----+--------+

Top non-repeatable levels by time:
    D:11: 2059 daAuts
     D:9: 1854 daAuts
    D:10: 1583 daAuts
     D:3: 1420 daAuts
     D:6: 1202 daAuts
     D:2: 1100 daAuts
     D:5: 1092 daAuts
     D:4: 1058 daAuts
     D:7: 870 daAuts
     D:8: 866 daAuts
     D:1: 799 daAuts
  Temple: 155 daAuts
    D:12: 96 daAuts
